 Dungeon Crawl Stone Soup version 0.21-a0-364-gbd1fde4 (webtiles) character file.

74 vishdafish the Charmwright (level 4, -5/33 HPs)
             Began as a Demonspawn Skald on Oct 14, 2017.
             Killed from afar by Sigmund (10 damage)
             ... with a puff of flame
             ... on level 2 of the Dungeon.
             The game lasted 00:02:22 (1774 turns).

vishdafish the Charmwright (Demonspawn Skald)       Turns: 1774, Time: 00:02:23

Health: -5/33      AC:  5    Str: 11    XL:     4   Next: 9%
Magic:  2/7        EV: 12    Int: 16    God:
Gold:   56         SH:  0    Dex: 12    Spells: 6/7 levels left

rFire    . . .     SeeInvis .   a - +0 hand axe
rCold    . . .     Gourm    .   (no shield)
rNeg     . . .     Faith    .   b - +0 leather armour
rPois    .         Spirit   .   (no helmet)
rElec    .         Reflect  .   (no cloak)
rCorr    .         Harm     .   (no gloves)
MR       .....                  (no boots)
Stlth    ++........             g - amulet of inaccuracy (curse)
HPRegen  0.11/turn              h - ring of flight
MPRegen  0.10/turn              (no ring)

@: confused, infused
A: thin metallic scales 1, nightstalker 1
a: Evoke Flight


You were on level 2 of the Dungeon.
You were very hungry.

You visited 1 branch of the dungeon, and saw 2 of its levels.

You collected 56 gold pieces.

Inventory:

Hand Weapons
 a - a +0 hand axe (weapon)
Armour
 b - a +0 leather armour (worn)
Jewellery
 g - a cursed amulet of inaccuracy (around neck)
 h - a ring of flight (left hand)
Scrolls
 e - 2 scrolls of teleportation
Potions
 f - a potion of haste
 j - a potion of flight
Books
 c - a book of Battle

   Spells                             Type                      Level
   a - Infusion                       Charms                       1
   b - Shroud of Golubria             Charms/Translocation         2
   c - Song of Slaying                Charms                       2
   d - Spectral Weapon                Hexes/Charms                 3
   e - Regeneration                   Charms/Necromancy            3
Comestibles
 d - 3 bread rations
 i - 2 royal jellies


   Skills:
 - Level 2.0 Fighting
 + Level 2.4 Axes
 + Level 1.9 Armour
 + Level 2.5 Dodging
 - Level 2.0 Spellcasting
 + Level 3.2 Charms


You had 6 spell levels left.
You knew the following spells:

 Your Spells              Type           Power        Failure   Level  Hunger
a - Infusion              Chrm           ##..         7%          1    #......


Dungeon Overview and Level Annotations

Branches:
Dungeon (2/15)

Altars:

Annotations:
D:2 Sigmund


Innate Abilities, Weirdness & Mutations

You are partially covered in thin metallic scales. (AC +2)
You are slightly more attuned to the shadows.


Message History

You are too confused!
You are too confused!
You are too confused!
You are too confused!
You are too confused!
You are too confused!
You are too confused!
You are too confused!
Unknown command.
You bump into the rock wall.
Sigmund hits you with a scythe!
You hit Sigmund.
Sigmund is heavily wounded.
You hit Sigmund.
Sigmund is heavily wounded.
Sigmund hits you with a scythe!
* * * LOW HITPOINT WARNING * * *
You bump into the rock wall.
Sigmund casts a spell at you. The puff of flame hits you!
You die...

### ..# # #.# # #@# #
#@# # #.###### #
#......# . ######.# #
#.# #.# #.#
############.#
##########..........#.#


You could see Sigmund.

Vanquished Creatures
  4 gnolls (D:2)
  An ooze (D:1)
  A dart slug (D:2)
  A ball python (D:1)
  2 giant cockroaches
  3 goblins (D:1)
  2 hobgoblins
  7 jackals (D:1)
  2 bats (D:1)
  3 frilled lizards (D:1)
  2 kobolds (D:1)
  2 rats (D:1)
30 creatures vanquished.

Notes
Turn   | Place    | Note
-------+----------+-------------------------------------------
     0 | D:1      | vishdafish the Demonspawn Skald began the quest for the Orb.
     0 | D:1      | Reached XP level 1. HP: 16/16 MP: 3/3
   183 | D:1      | Reached skill level 1 in Armour
   490 | D:1      | Gained mutation: You are partially covered in thin metallic scales. (AC +2) [demonic ancestry]
   490 | D:1      | Reached XP level 2. HP: 21/22 MP: 0/5
   685 | D:1      | Reached skill level 3 in Charms
   869 | D:1      | You fall through a shaft!
   959 | D:2      | Reached XP level 3. HP: 27/27 MP: 2/6
  1183 | D:2      | HP: 1/27 [gnoll/spear (4)]
  1638 | D:2      | Gained mutation: You are slightly more attuned to the shadows. [demonic ancestry]
  1638 | D:2      | Reached XP level 4. HP: 32/33 MP: 2/7
  1758 | D:2      | Noticed Sigmund
  1774 | D:2      | Killed from afar by Sigmund

Vault maps used:
D:1:      scummos_arrival_gate
D:2:      old_standard_altar, uniq_sigmund

Skill      XL: |  1  2 |
---------------+-------+-----
Armour         | 1 |  1.9
Axes           | 2 |  2.4
Dodging        | 2 |  2.5
Charms         | 3 |  3.2
Fighting       | |  2.0
Spellcasting   | |  2.0

Action                   |  1- 3 |  4- 6 || total
-------------------------+-------+-------++-------
Melee: Hand axe          |   131 |    11 ||   142
 Cast: Infusion          |     8 |     1 ||     9
  Use: Scroll            |     3 |       ||     3
       Potion            |     2 |       ||     2
  Eat: Chunk             |     2 |       ||     2
Armor: Leather armour    |    50 |       ||    50
Dodge: Dodged            |    97 |     6 ||   103

Table legend:
 A = Spawn XP
 B = Non-spawn XP
 C = Spawn XP percentage of total XP
 D = Spawn monster count
 E = Non-spawn monster count
 F = Spawn count percentage of total count
 G = Total turns spent on level
                    A         B        C        D         E        F      G
               +---------+---------+-------+---------+---------+-------+---------
         Total |       0 |     106 |   0.0 |       0 |      30 |   0.0 |  1774
               +---------+---------+-------+---------+---------+-------+---------
           D:1 |       0 |      42 |   0.0 |       0 |      23 |   0.0 |  1255
           D:2 |       0 |      64 |   0.0 |       0 |       7 |   0.0 |   519
               +---------+---------+-------+---------+---------+-------+---------
